 Dungeon Crawl Stone Soup version 0.21.1-1-g345015fe64 (webtiles) character file.

1005 Htamos the Thaumaturge (level 8, 0/41 HPs)
             Began as a Deep Elf Wizard on July 13, 2018.
             Slain by an orc (1 damage)
             ... on level 6 of the Dungeon.
             The game lasted 00:27:53 (9441 turns).

Htamos the Thaumaturge (Deep Elf Wizard)            Turns: 9441, Time: 00:27:53

Health: 0/41       AC:  4    Str:  4    XL:     8   Next: 0%
Magic:  15/26      EV: 13    Int: 26    God:
Gold:   235        SH:  0    Dex: 13    Spells: 27/31 levels left

rFire    . . .     SeeInvis .   n - +0 hunting sling
rCold    . . .     Gourm    .   (no shield)
rNeg     . . .     Faith    .   a - +0 robe
rPois    .         Spirit   .   D - +0 helmet
rElec    .         Reflect  .   (no cloak)
rCorr    .         Harm     .   z - +0 pair of gloves
MR       +....                  (no boots)
Stlth    ++........             (no amulet)
HPRegen  0.13/turn              (no ring)
MPRegen  0.20/turn              g - ring of protection from magic

@: no status effects
A: no striking features
a: no special abilities


You were on level 6 of the Dungeon.
You were not hungry.

You visited 1 branch of the dungeon, and saw 6 of its levels.

You collected 235 gold pieces.

Inventory:

Hand Weapons
 m - a +0 dagger
 n - a +0 hunting sling (weapon)
 q - a +1 short sword of protection
 u - a +0 blowgun
 w - a +0 hunting sling of freezing
 L - a +0 shortbow of velocity
Missiles
 i - 48 poisoned needles
 j - 230 stones (quivered)
 l - 52 sling bullets
 t - 13 tomahawks
 x - 57 arrows
Armour
 a - a +0 robe (worn)
 b - a +0 hat
 o - a +2 large shield of protection
 z - a +0 pair of gloves (worn)
 D - a +0 helmet (worn)
Jewellery
 g - a ring of protection from magic (right hand)
Wands
 C - a wand of polymorph (10)
 K - a wand of digging (12)
Scrolls
 f - a scroll of fog {unknown}
 h - 5 scrolls of remove curse
 y - a scroll of noise
 B - a scroll of magic mapping
 H - a scroll of amnesia {unknown}
 J - a scroll of enchant weapon {unknown}
Books
 c - a book of Minor Magic

   Spells                             Type                      Level
   a - Magic Dart                     Conjuration                  1
   b - Blink                          Translocation                2
   c - Call Imp                       Summoning                    2
   d - Slow                           Hexes                        2
   e - Conjure Flame                  Conjuration/Fire             3
   f - Mephitic Cloud                 Conjuration/Poison/Air       3
Comestibles
 d - 5 rations
 k - 2 chunks of flesh


   Skills:
 - Level 2.4 Dodging
 - Level 2.4 Stealth
 + Level 12.4 Spellcasting
 - Level 1.1 Conjurations
   Level 1.1 Summonings
   Level 1.1 Translocations


You had 27 spell levels left.
You knew the following spells:

 Your Spells              Type           Power        Failure   Level  Hunger
a - Magic Dart            Conj           ###.         2%          1    None
b - Mephitic Cloud        Conj/Pois/Air  ###.....     10%         3    None


Dungeon Overview and Level Annotations

Branches:
Dungeon (6/15)
 Temple: D:4-7

Altars:
Ashenzari
Ru
Trog

Annotations:
D:3 1 runed door, Grinder


Message History

Confirm with . or Enter, or press ? or * to list all spells.
Aiming: Magic Dart
Press: ? - help, Shift-Dir - straight line, f/p - orc
Aim: an orc, wearing a chain mail The magic dart hits the orc.
The orc hits you.
* * * LOW HITPOINT WARNING * * *
Casting: Magic Dart
Confirm with . or Enter, or press ? or * to list all spells.
Aiming: Magic Dart
Press: ? - help, Shift-Dir - straight line, f/p - orc
Aim: an orc, wearing a chain mail The magic dart hits the orc.
The orc hits you.
* * * LOW HITPOINT WARNING * * *
Casting: Magic Dart
Confirm with . or Enter, or press ? or * to list all spells.
Aiming: Magic Dart
Press: ? - help, Shift-Dir - straight line, f/p - orc
Aim: an orc, wearing a chain mail The magic dart hits the orc.
The orc hits you.
You die...

#......# #.......#
#......####.......#
#####........##+###
#...#........#
#..)#........#
#...#........#
#...#........+
#..o#........#
###@#........#######
#....#####..........
#....'...+..........
#....#...# .. ......
#........# .o[.
#######'########o##
#..o§...o#...#
#........'...#
#........#...#


You could see 2 orcs.

Vanquished Creatures
  A sky beast (D:5)
  A phantom (D:4)
  A centaur (D:5)
  A bullfrog (D:6)
  3 jellies
  A crimson imp (D:6)
  A bullfrog zombie (D:5)
  A hound (D:5)
  An orc priest (D:6)
  An iron imp (D:2)
  2 orc wizards
  Terence (D:3)
  Natasha (thrice) (D:2)
  2 worker ants (D:5)
  A killer bee zombie (D:5)
  5 adders
  8 oozes (D:2)
  An adder zombie (D:6)
  A worm (D:2)
  A dart slug (D:2)
  3 leopard geckos
  19 orcs
  A ball python (D:1)
  5 bats
  5 giant cockroaches
  10 goblins
  8 hobgoblins
  4 jackals
  14 kobolds
  4 quokkas
  2 frilled lizards
  A leopard gecko skeleton (D:4)
  5 rats
118 creatures vanquished.

Vanquished Creatures (others)
  7 fungi
  11 toadstools (D:2)
18 creatures vanquished.

Grand Total: 136 creatures vanquished

Notes
Turn   | Place    | Note
-------+----------+-------------------------------------------
     0 | D:1      | Htamos the Deep Elf Wizard began the quest for the Orb.
     0 | D:1      | Reached XP level 1. HP: 10/10 MP: 7/7
   191 | D:1      | Reached skill level 5 in Spellcasting
   247 | D:1      | Found a shattered altar of Ashenzari.
   294 | D:1      | Reached XP level 2. HP: 13/15 MP: 5/10
  1514 | D:2      | Noticed Natasha
  1516 | D:2      | Noticed a crimson imp
  1521 | D:2      | Killed Natasha
  1521 | D:2      | Reached skill level 6 in Spellcasting
  1521 | D:2      | Reached XP level 3. HP: 10/19 MP: 4/12
  2258 | D:2      | Reached XP level 4. HP: 24/24 MP: 9/14
  2377 | D:2      | Reached skill level 7 in Spellcasting
  2621 | D:2      | Noticed Natasha
  3495 | D:3      | Noticed Grinder
  3497 | D:3      | Noticed Terence
  3543 | D:2      | Reached XP level 5. HP: 11/28 MP: 5/17
  3720 | D:2      | Reached skill level 8 in Spellcasting
  3876 | D:2      | Killed Natasha
  4084 | D:2      | Noticed Natasha
  4741 | D:2      | Killed Natasha
  4904 | D:3      | Reached skill level 9 in Spellcasting
  4960 | D:3      | Killed Terence
  4960 | D:3      | Reached XP level 6. HP: 14/32 MP: 2/20
  5436 | D:3      | Found a sacrificial altar of Ru.
  6426 | D:3      | Found a runed door.
  6515 | D:3      | Learned a level 3 spell: Mephitic Cloud
  6766 | D:5      | Entered Level 5 of the Dungeon
  7305 | D:4      | Reached skill level 10 in Spellcasting
  7781 | D:5      | Reached XP level 7. HP: 31/36 MP: 15/23
  7978 | D:5      | Reached skill level 11 in Spellcasting
  9053 | D:6      | Reached skill level 12 in Spellcasting
  9326 | D:6      | Found a bloodstained altar of Trog.
  9431 | D:6      | Reached XP level 8. HP: 5/41 MP: 17/26
  9440 | D:6      | HP: 1/41 [orc (3)]
  9441 | D:6      | Slain by an orc

Skill      XL: |  1  2  3  4  5  6  7 |
---------------+----------------------+-----
Spellcasting   | 5 6 7 9 10 12 | 12.4
Dodging        | |  2.4
Stealth        | |  2.4
Conjurations   | |  1.1
Summonings     | |  1.1
Translocations | |  1.1

Action                   |  1- 3 |  4- 6 |  7- 9 || total
-------------------------+-------+-------+-------++-------
Melee: Dagger            |       |     8 |       ||     8
 Fire: Hunting sling     |       |     8 |       ||     8
       Blowgun           |       |     1 |       ||     1
 Cast: Magic Dart        |    91 |   373 |   129 ||   593
Evoke: Wand              |       |     6 |       ||     6
  Use: Potion            |       |     4 |     8 ||    12
       Scroll            |       |    10 |     6 ||    16
  Eat: Chunk             |     4 |     6 |     2 ||    12
       Ration            |       |     3 |     1 ||     4
Armor: Robe              |    10 |    28 |    15 ||    53
       Skin              |       |       |    12 ||    12
Dodge: Dodged            |    20 |   126 |    52 ||   198
